 Dungeon Crawl Stone Soup version 0.26.1-2-gb8aa6d0cf2 (webtiles) character file.

Game seed: 7322917903330504927

12709 H0rd4k the Slicer (level 12, -4/89 HPs)
             Began as a Human Artificer on Feb 12, 2021.
             Was an Initiate of Gozag.
             Slain by a five-headed hydra (7 damage)
             ... on level 3 of the Lair of Beasts on Feb 15, 2021.
             The game lasted 00:31:27 (17720 turns).

H0rd4k the Slicer (Human Artificer)                Turns: 17720, Time: 00:31:27

Health: -4/89      AC: 11    Str: 18    XL:     12   Next: 23%
Magic:  12/12      EV: 14    Int: 14    God:    Gozag
Gold:   660        SH:  5    Dex:  8    Spells: 11/11 levels left

rFire    . . .     SeeInvis +   S - +9 bardiche of Doom {pain, rPois Str+3 Dex-3}
rCold    . . .     Faith    .   (shield currently unavailable)
rNeg     . . .     Spirit   .   F - +5 leather armour "Inen" {+Fly rPois Dex-3 SInv}
rPois    +         Reflect  +   K - +0 helmet
rElec    .         Harm     .   (no cloak)
rCorr    .         Rampage  .   (no gloves)
Will     .....                  B - +0 pair of boots
Stlth    ++++......             y - amulet of reflection
HPRegen  0.24/turn              n - ring of see invisible
MPRegen  0.13/turn              m - ring of stealth

@: no status effects
A: no striking features
a: Renounce Religion, Evoke Flight, Potion Petition, Call Merchant, Bribe Branch


You were on level 3 of the Lair of Beasts.
You worshipped Gozag.
Gozag was pleased with you.
You visited 2 branches of the dungeon, and saw 13 of its levels.

You collected 2327 gold pieces.
You spent 867 gold pieces at shops.
You paid 800 gold pieces to Gozag.

Inventory:

Hand Weapons
 t - a +4 dagger of protection
 w - a +5 short sword of venom
 H - a cursed +2 long sword
 S - the +9 bardiche of Doom (weapon) {pain, rPois Str+3 Dex-3}
   (You found it on level 3 of the Lair of Beasts)

   In the hands of one skilled in necromantic magic, it inflicts extra damage on
   living creatures.
   It affects your strength (+3).
   It affects your dexterity (-3).
   It protects you from poison.
Missiles
 O - a throwing net
Armour
 j - a +2 buckler
 B - a +0 pair of boots (worn)
 F - the +5 leather armour "Inen" (worn) {+Fly rPois Dex-3 SInv}
   (You found it on level 5 of the Dungeon)

   It affects your dexterity (-3).
   It protects you from poison.
   It lets you see invisible.
   It lets you fly.
 K - a +0 helmet (worn)
Jewellery
 m - a ring of stealth (right hand)
 n - a ring of see invisible (left hand)
 y - an amulet of reflection (around neck)
 A - an uncursed ring of stealth
Wands
 d - a wand of enslavement (1)
 o - a wand of flame (47) (quivered)
 z - a wand of polymorph (6)
 N - a wand of random effects (15)
Scrolls
 a - 5 scrolls of fog {unknown}
 c - 2 scrolls of noise {unknown}
 e - 3 scrolls of blinking {unknown}
 h - 5 scrolls of identify
 i - 10 scrolls of teleportation
 k - 2 scrolls of magic mapping
 r - 3 scrolls of fear
 v - 6 scrolls of remove curse
 x - 5 scrolls of amnesia {unknown}
 C - a scroll of random uselessness {unknown}
 D - 4 scrolls of immolation {unknown}
 E - a scroll of holy word {unknown}
 G - 2 scrolls of enchant weapon
 J - 2 scrolls of acquirement {unknown}
 M - a scroll of vulnerability {unknown}
 Q - 2 scrolls of brand weapon {unknown}
 R - a scroll of summoning {unknown}
Potions
 f - a potion of heal wounds
 g - a potion of mutation
 l - a potion of brilliance
 p - a potion of ambrosia
 q - 7 potions of curing
 s - 2 potions of might
 u - 2 potions of haste
 I - a potion of cancellation
 L - a potion of magic {unknown}
 P - 2 potions of flight {unknown}
Miscellaneous
 b - a condenser vane (inert)


   Skills:
 + Level 6.5 Fighting
 + Level 10.4 Short Blades
 + Level 1.7 Polearms
 + Level 6.1 Armour
 + Level 7.4 Dodging
 + Level 7.2 Stealth
 - Level 6.4 Shields
 + Level 0.3 Unarmed Combat
 + Level 5.6 Evocations


You had 11 spell levels left.
You didn't know any spells.
Your spell library contained the following spells:

 Spells                   Type           Power        Failure   Level
 Animate Skeleton         Necr           0%           32%         1
 Magic Dart               Conj           0%           32%         1
 Pain                     Necr           0%           32%         1
 Blink                    Tloc           N/A          45%         2
 Call Imp                 Summ           0%           45%         2
 Slow                     Hex            0%           45%         2
 Conjure Flame            Conj/Fire      0%           69%         3
 Mephitic Cloud           Conj/Pois/Air  0%           69%         3
 Vampiric Draining        Necr           0%           69%         3
 Animate Dead             Necr           0%           97%         4
 Agony                    Necr           0%           100%        5


Dungeon Overview and Level Annotations

Branches:
Dungeon (10/15)            Temple (0/1) D:6            Lair (3/6) D:10
    Orc (0/2) D:9
  Swamp: Lair:2-4    Shoals: Lair:2-4     Snake: Lair:2-4    Spider: Lair:2-4

Altars:
Ashenzari
Cheibriados
Gozag
Hepliaklqana
Kikubaaqudgha
Makhleb
Qazlal
Ru
Trog
Yredelemnul
Zin
The Shining One

Shops:
D:9 [(   D:10 [

Annotations:
D:3 exclusion: downstairs
D:4 1 runed translucent door, exclusions: Blork the orc and door, Crazy Yiuf
D:9 exclusions: downstairs, troll and upstairs
Lair:1 exclusion: oklob plant
Lair:3 exclusion: upstairs


Message History

* * * LOW HITPOINT WARNING * * *
The komodo dragon misses you.
You see here a ring mail.
There is a stone staircase leading down, spattered with blood here.
You climb downwards.
Level annotation: exclusion: upstairs The five-headed hydra bites you!
* * * LOW HITPOINT WARNING * * *
The five-headed hydra bites you but does no damage.
The five-headed hydra barely misses you.
The five-headed hydra bites you!
* * * LOW HITPOINT WARNING * * *
The five-headed hydra bites you.
* * * LOW HITPOINT WARNING * * *
The five-headed hydra misses you.
The five-headed hydra bites you but does no damage.
The five-headed hydra closely misses you.
The five-headed hydra misses you. The five-headed hydra bites you!
You die...
Your body crumbles into a pile of gold.

### ##..# ##.....
##...... . ##....#
.. ##D..# ..)###
#######..@##
Y.....##.P##.....#
..............<..#
.....=..$......###
.........##..###
#.......######
#.....### ##.#..
###..


You could see a five-headed hydra.

Vanquished Creatures
  A hydra (Lair:1)
  2 two-headed ogres
  3 death yaks
  A necromancer (D:10)
  A manticore (D:10)
  2 komodo dragons
  A shadow (D:10)
  A wyvern (D:10)
  5 yaks
  5 centaurs
  A water moccasin (Lair:2)
  A hornet zombie (D:7)
  5 orc warriors
  3 sky beasts
  An eye of draining (D:10)
  7 ice beasts
  2 phantoms
  6 ogres
  2 big kobolds
  14 bullfrogs
  A wyvern skeleton (D:10)
  3 scorpions
  A water moccasin skeleton (D:10)
  A vampire bat (Lair:1)
  8 wights
  5 howler monkeys
  A bullfrog zombie (D:8)
  4 hounds
  3 quasits
  A bullfrog skeleton (D:10)
  6 orc priests
  3 jellies
  2 centaur skeletons
  8 orc wizards
  Natasha (thrice) (D:4)
  4 worker ants
  5 iguanas
  2 hell rats (D:10)
  2 worker ant zombies
  Robin (D:4)
  2 howler monkey zombies (D:7)
  8 gnolls
  13 adders
  2 river rats
  A shadow imp (D:5)
  A white imp (D:8)
  4 ufetubi
  An ooze (D:1)
  2 adder skeletons
  An adder zombie (D:6)
  A worm (D:2)
  3 dart slugs
  7 leopard geckos
  46 orcs
  3 giant cockroaches
  9 goblins
  10 hobgoblins
  4 jackals
  7 quokkas
  11 bats
  2 frilled lizards
  2 gnoll zombies (D:9)
  A jackal zombie (D:8)
  15 kobolds
  11 rats
295 creatures vanquished.

Vanquished Creatures (collateral kills)
  A manticore (D:10)
  Blork the orc (D:4)
  A wight (D:8)
  An orc wizard (D:9)
  A gnoll (D:8)
  An orc (D:8)
  A kobold (D:1)
7 creatures vanquished.

Vanquished Creatures (others)
  2 hobgoblins (D:1)
  10 fungi
  13 plants
25 creatures vanquished.

Grand Total: 327 creatures vanquished

Notes
Turn   | Place    | Note
-------+----------+-------------------------------------------
     0 | D:1      | H0rd4k the Human Artificer began the quest for the Orb.
     0 | D:1      | Reached XP level 1. HP: 15/15 MP: 1/1
   295 | D:1      | Reached XP level 2. HP: 7/21 MP: 2/2
  1231 | D:1      | Reached XP level 3. HP: 25/26 MP: 3/3
  2243 | D:2      | Reached XP level 4. HP: 29/32 MP: 4/4
  2310 | D:2      | Found a glowing silver altar of Zin.
  2677 | D:2      | Found a stormy altar of Qazlal.
  2679 | D:2      | Noticed a water elemental
  2680 | D:2      | Noticed a fire elemental
  2680 | D:2      | Noticed an air elemental
  2680 | D:2      | Noticed an earth elemental
  3189 | D:2      | Found a glowing golden altar of the Shining One.
  3793 | D:3      | Found an ancient bone altar of Kikubaaqudgha.
  3838 | D:3      | Found a broken altar of Ashenzari.
  4043 | D:3      | Reached XP level 5. HP: 34/38 MP: 5/5
  4676 | D:4      | Noticed a centaur
  4880 | D:4      | Reached skill level 1 in Short Blades
  4931 | D:4      | Found a sacrificial altar of Ru.
  4936 | D:4      | Found an opulent altar of Gozag.
  4938 | D:4      | Found a bloodstained altar of Trog.
  4949 | D:4      | Noticed Blork the orc
  5043 | D:4      | Killed Blork the orc
  5044 | D:4      | Reached XP level 6. HP: 42/44 MP: 6/6
  5256 | D:4      | Killed a centaur
  5257 | D:4      | Reached skill level 2 in Short Blades
  5352 | D:4      | Reached XP level 7. HP: 29/51 MP: 7/7
  5487 | D:4      | Noticed Robin
  5517 | D:4      | Killed Robin
  5599 | D:4      | Found a burning altar of Makhleb.
  5612 | D:4      | Noticed Natasha
  5617 | D:4      | Killed Natasha
  5741 | D:4      | Noticed Natasha
  5753 | D:4      | Killed Natasha
  6055 | D:4      | Found a runed translucent door.
  6056 | D:4      | Noticed Crazy Yiuf
  6071 | D:4      | Became a worshipper of Gozag Ym Sagoz the Greedy
  6129 | D:4      | Reached skill level 3 in Short Blades
  6232 | D:4      | Noticed Natasha
  6237 | D:4      | Killed Natasha
  6616 | D:5      | Entered Level 5 of the Dungeon
  6697 | D:5      | Reached XP level 8. HP: 41/58 MP: 8/8
  7062 | D:5      | Reached skill level 4 in Short Blades
  7499 | D:5      | Got a pitted leather armour
  7510 | D:5      | Identified the +5 leather armour "Inen" {+Fly rPois Dex-3
                  | SInv} (You found it on level 5 of the Dungeon)
  7669 | D:6      | Reached skill level 1 in Shields
  7813 | D:6      | Reached skill level 5 in Short Blades
  7824 | D:6      | Reached XP level 9. HP: 52/65 MP: 9/9
  8167 | D:6      | Found a staircase to the Ecumenical Temple.
  9147 | D:7      | Reached skill level 6 in Short Blades
  9515 | D:7      | Reached skill level 5 in Armour
 10072 | D:7      | Found a hazy altar of Hepliaklqana.
 10078 | D:7      | Reached skill level 7 in Short Blades
 10111 | D:7      | Reached skill level 5 in Dodging
 10251 | D:7      | Got a tattered robe
 10325 | D:7      | Reached XP level 10. HP: 45/73 MP: 10/10
 10787 | D:7      | Identified the +1 robe "Sayhoalosi" {rCorr} (You found it
                  | on level 7 of the Dungeon)
 10872 | D:8      | Reached skill level 5 in Fighting
 11060 | D:8      | Reached skill level 5 in Stealth
 11330 | D:8      | Noticed a two-headed ogre
 11410 | D:9      | Noticed a two-headed ogre
 11467 | D:9      | Found a basalt altar of Yredelemnul.
 11621 | D:9      | Found Fukipharph's Armour Emporium.
 11621 | D:9      | Found a staircase to the Orcish Mines.
 11621 | D:9      | Found Xoosor's Weapon Emporium.
 11955 | D:9      | Found a glowing golden altar of the Shining One.
 12202 | D:9      | Reached skill level 8 in Short Blades
 12221 | D:9      | Killed a two-headed ogre
 12222 | D:9      | Reached skill level 5 in Evocations
 12296 | D:9      | Found a snail-covered altar of Cheibriados.
 13088 | D:8      | Killed a two-headed ogre
 13089 | D:8      | Reached XP level 11. HP: 36/80 MP: 11/11
 13884 | D:8      | Reached skill level 9 in Short Blades
 14242 | D:8      | Found a stormy altar of Qazlal.
 14395 | D:10     | Entered Level 10 of the Dungeon
 14476 | D:10     | Noticed a death yak
 14479 | D:10     | Noticed a death yak
 14480 | D:10     | Noticed a death yak
 14551 | D:8      | Killed a death yak
 14552 | D:8      | Reached skill level 5 in Shields
 14754 | D:10     | Found a staircase to the Lair.
 14889 | D:10     | Bought a pair of slimy boots for 323 gold pieces
 14889 | D:10     | Bought a crude ring mail for 306 gold pieces
 14889 | D:10     | Bought a pitted leather armour for 238 gold pieces
 14910 | D:9      | Identified the +2 pair of boots of the Hills {-Tele rElec
                  | Dex+6} (You bought it in a shop on level 10 of the Dungeon)
 14940 | D:9      | Identified the +3 leather armour of Glamorous Intercession
                  | {rElec MP+9} (You bought it in a shop on level 10 of the
                  | Dungeon)
 14950 | D:9      | Identified the +4 ring mail of the Heavens {rC+ Dex+5} (You
                  | bought it in a shop on level 10 of the Dungeon)
 15056 | D:9      | Killed a death yak
 15225 | D:10     | Killed a death yak
 15359 | D:10     | Noticed a flayed ghost
 15396 | D:10     | Reached skill level 10 in Short Blades
 15449 | D:10     | Noticed a manticore
 15452 | D:10     | Killed a manticore
 15470 | D:10     | Noticed a manticore
 15470 | D:10     | Noticed a flayed ghost
 15470 | D:10     | Noticed a necromancer
 15482 | D:10     | Killed a necromancer
 15482 | D:10     | Killed a manticore
 15696 | D:10     | Found a bloodstained altar of Trog.
 15728 | Lair:1   | Entered Level 1 of the Lair of Beasts
 16102 | Lair:1   | Noticed a five-headed hydra
 16126 | Lair:1   | Killed a five-headed hydra
 16127 | Lair:1   | Reached XP level 12. HP: 57/89 MP: 12/12
 16896 | Lair:2   | Found a glowing silver altar of Zin.
 17086 | Lair:3   | Got an encrusted bardiche
 17093 | Lair:3   | Identified the +9 bardiche of Doom {pain, rPois Str+3
                  | Dex-3} (You found it on level 3 of the Lair of Beasts)
 17118 | Lair:3   | Noticed a five-headed hydra
 17330 | Lair:2   | Reached skill level 1 in Polearms
 17720 | Lair:3   | HP: 3/89 [five-headed hydra (4)]
 17720 | Lair:3   | Slain by a five-headed hydra

Illustrated notes

Levels and vault maps discovered:
D:1:      lemuel_arrival_tunnels, layout_basic, minmay_misc_feat_tiny,
          roderic_lattice_a, serial_park_tiny_1
D:2:      layout_loops_ring, nicolae_qazlal_style_of_elements,
          old_standard_altar, lemuel_coloured_pillars_altar
D:3:      layout_basic, nicolae_overflow_hidden_temple,
          cheibrodos_ashenzari_chains
D:4:      layout_basic, nicolae_overflow_crystal_walls,
          grunt_temple_overflow_open, kennysheep_generic_room_4, uniq_robin,
          uniq_crazy_yiuf_cottage, uniq_natasha, uniq_blork_the_orc
D:5:      layout_rooms
D:6:      layout_basic, minmay_temple_entry_butterflies
D:7:      layout_gridville, kennysheep_little_box,
          minmay_fractal_squares_diagonal_5
D:8:      layout_basic, minmay_ruined_shrine
D:9:      layout_gridville, cheibriados_altar_1,
          lemuel_zombie_altar_yredelemnul, orc_david_3, grunt_ministairs_11,
          tso_metal_star
D:10:     minmay_sliced_demisemicircle, layout_cave_pools, dpeg_lair_monsters,
          serial_column_ruins, column_ruins_circle_medium,
          column_ruins_columns_dead_end, column_ruins_columns_corner,
          column_ruins_columns_T, trog_book
Lair:1:   layout_regular_city, serial_bayou_ford_a, minmay_lair_oklob_bushes,
          roderic_batcave, lemuel_fruit_fields
Lair:2:   layout_regular_city, basic_altar, st_stairs_13, serial_bayou_pond_a,
          minivault_26, grunt_megastairs_4
Lair:3:   layout_layer_cave, guppyfry_snake_entry_island, basic_altar

Skill      XL: |  1  2  3  4  5  6  7  8  9 10 11 12 |
---------------+-------------------------------------+-----
Evocations     | 4 5 |  5.6
Dodging        | 2 3 4 5 6 7 |  7.4
Stealth        | 2 3 4 5 7 |  7.2
Fighting       | 2 3 4 5 6 |  6.5
Short Blades   | 1 2 3 5 7 8 10 | 10.4
Armour         | 3 4 5 6 |  6.1
Shields        | 1 2 4 6 |  6.4
Polearms       | 1 |  1.7
Unarmed Combat | |  0.3

Action                   |  1- 3 |  4- 6 |  7- 9 | 10-12 || total
-------------------------+-------+-------+-------+-------++-------
Melee: Club              |    86 |       |       |       ||    86
       Dagger            |    37 |   116 |    73 |    58 ||   284
       Short sword       |       |    34 |   371 |   560 ||   965
       Unarmed           |       |     4 |       |       ||     4
       Punch             |       |       |     2 |       ||     2
       Bardiche          |       |       |       |    45 ||    45
Invok: Potion Petition   |       |       |       |     1 ||     1
       Call Merchant     |       |       |       |     1 ||     1
Evoke: Wand              |     4 |    11 |    13 |    25 ||    53
       Condenser vane    |       |       |       |     1 ||     1
  Use: Scroll            |       |       |    12 |     3 ||    15
 Stab: Sleeping          |     2 |     8 |     8 |    16 ||    34
       Distracted        |       |       |     1 |     4 ||     5
Armor: Leather armour    |    25 |    21 |    69 |   121 ||   236
       Skin              |       |     3 |       |       ||     3
       Ring mail         |       |       |    32 |       ||    32
Dodge: Dodged            |    95 |    68 |   201 |   227 ||   591
Block: Other             |       |       |    53 |    19 ||    72
       Buckler           |       |       |       |   257 ||   257
       Reflection        |       |       |       |     6 ||     6
